 Dungeon Crawl Stone Soup version 0.29.1-15-g9cfb28693d (webtiles) character file.

Game seed: 11952869915623400038

420 Gubbs the Covered (level 7, -2/54 HPs)
             Began as a Human Fighter on Mar 12, 2023.
             Slain by an ogre
             ... wielding a +0 giant club
              (25 damage)
             ... on level 5 of the Dungeon.
             The game lasted 00:12:01 (4420 turns).

Gubbs the Covered (Human Fighter)                   Turns: 4420, Time: 00:12:02

Health: -2/54      AC:  9    Str: 17    XL:     7   Next: 16%
Magic:  7/7        EV: 11    Int:  8    God:
Gold:   188        SH:  0    Dex: 20    Spells: 6/6 levels left

rFire   . . .      SeeInvis .   q - +0 dire flail (drain)
rCold   . . .      Faith    .   (shield currently unavailable)
rNeg    . . .      Spirit   .   b - +1 scale mail
rPois   .          Reflect  .   (no helmet)
rElec   .          Harm     .   (no cloak)
rCorr   .          Rampage  .   (no gloves)
Will    .....                   h - +0 pair of boots
Stlth   ..........              f - amulet of magic regeneration
HPRegen 0.18/turn               o - +6 ring of dexterity
MPRegen 0.50/turn               (no ring)

@: no status effects
A: no striking features
a: no special abilities


You were on level 5 of the Dungeon.
You visited 1 branch of the dungeon, and saw 5 of its levels.

You collected 188 gold pieces.

Inventory:

Hand Weapons
 a - a +0 flail
 q - a +0 dire flail of draining (weapon)
Missiles
 e - 3 boomerangs of dispersal
 l - 21 stones (quivered)
 m - 3 poisoned darts
 p - 2 curare-tipped darts
Armour
 b - a +1 scale mail (worn)
 c - a +0 buckler
 h - a +0 pair of boots (worn)
 j - an orb of energy
 t - the +3 robe "Oxtag Sodgh" {Int+6}
   (You found it on level 4 of the Dungeon)

   Int:       It affects your intelligence (+6).
Jewellery
 f - an amulet of magic regeneration (around neck)
 o - a +6 ring of dexterity (left hand)
Wands
 g - a wand of iceblast (11)
Scrolls
 i - 3 scrolls of identify
 n - a scroll of enchant armour
Potions
 d - 2 potions of might
 k - 4 potions of lignification
 r - a potion of flight {unknown}
 s - a potion of attraction {unknown}
 u - a potion of curing


   Skills:
 + Level 4.1 Fighting
 * Level 4.3 Maces & Flails
 * Level 4.9 Armour
 + Level 2.5 Dodging
 - Level 3.0 Shields


You had 6 spell levels left.
You didn't know any spells.
Your spell library contained the following spells:

 Spells                   Type           Power      Damage    Failure   Level
 Airstrike                Air            0%         2d(0-16)  100%        4
 Summon Lightning Spire   Summ/Air       0%         N/A       100%        4
 Lightning Bolt           Conj/Air       0%         1d11      100%        5


Dungeon Overview and Level Annotations

Branches:
Dungeon (5/15)
 Temple: D:4-7

Altars:

Shops:
D:3 (


Message History

The orc priest closely misses you.
You thump the orc priest!
You kill the orc priest!
You hit the orc. You drain the orc.
The orc is almost dead.
The orc hits you but does no damage.
You hit the orc.
You kill the orc!
Items here: )) [ ††.
You now have 188 gold pieces (gained 6).
Found a dagger.
You see here a +0 dagger.
You see here a +0 dagger.
Items here: )) [ ††.
Done exploring.
Done exploring.
There is a stone staircase leading down here.
You climb downwards.
The ogre shouts!
Found 16 gold pieces and a sling.
Found two stone staircases leading up and a stone staircase leading down.
There is a stone staircase leading up here.
You barely miss the ogre. The ogre hits you with a +0 giant club!
You hit the ogre.
The ogre is lightly wounded.
You hit the ogre.
The ogre is lightly wounded.
The ogre hits you with a +0 giant club.
You barely miss the ogre.
The ogre is lightly wounded.
The ogre closely misses you.
You puncture the ogre!
The ogre is moderately wounded.
The ogre hits you with a +0 giant club!
You barely miss the ogre.
The ogre is moderately wounded.
You sock the ogre!
The ogre is severely wounded.
The ogre hits you with a +0 giant club!!
You die...

..# )######.#
..<......
......#.#
...>$...#
#.......# #
#......<#.###
#......@....#
#.#.#.O.#.#.#
....... #
..#.###### #


You could see an ogre.

Vanquished Creatures
  A howler monkey (D:3)
  2 hounds (D:3)
  2 orc priests (D:4)
  A jelly (D:3)
  2 iguanas (D:4)
  2 orc wizards
  3 adders
  3 worms
  2 dart slugs
  10 orcs
  4 bats
  2 endoplasms
  4 giant cockroaches
  6 goblins
  13 hobgoblins
  4 jackals
  4 kobolds
  8 quokkas
  7 ball pythons
  2 frilled lizards
  3 rats
85 creatures vanquished.

Vanquished Creatures (others)
  7 plants (D:1)
7 creatures vanquished.

Grand Total: 92 creatures vanquished

Notes
Turn   | Place    | Note
-------+----------+-------------------------------------------
     0 | D:1      | Gubbs the Human Fighter began the quest for the Orb.
     0 | D:1      | Reached XP level 1. HP: 18/18 MP: 1/1
   155 | D:1      | Reached XP level 2. HP: 24/24 MP: 2/2
   656 | D:1      | Reached XP level 3. HP: 29/29 MP: 3/3
  1189 | D:1      | Reached skill level 1 in Dodging
  1800 | D:2      | Reached XP level 4. HP: 35/35 MP: 4/4
  3025 | D:3      | Reached XP level 5. HP: 41/41 MP: 5/5
  3066 | D:3      | Found Asaskapu's Antique Weapon Emporium.
  3526 | D:3      | Reached XP level 6. HP: 40/48 MP: 6/6
  3611 | D:3      | HP: 1/48 [acid (5)]
  3990 | D:4      | Identified the +3 robe "Oxtag Sodgh" {Int+6}
  4162 | D:4      | Reached XP level 7. HP: 45/54 MP: 7/7
  4412 | D:5      | Entered Level 5 of the Dungeon
  4420 | D:5      | Slain by an ogre

Illustrated notes

Levels and vault maps discovered:
D:1:      spicycebolla_green_bress_n_ham_2, layout_basic, hex_tiny,
          serial_bayou_pond_b, serial_bayou_lagoon_a
D:2:      layout_loops_cross, minmay_misc_feat_doors, minmay_split_cup_small
D:3:      layout_rooms, serial_shops, nicolae_shop_crystal
D:4:      layout_cave_pools
D:5:      layout_basic, serial_demonic, serial_demonic_d, serial_demonic_g,
          serial_demonic_b, serial_demonic_b, serial_demonic_d,
          kennysheep_generic_room_9, uniq_sigmund, uniq_pikel

Skill      XL: |  1  2  3  4  5  6 |
---------------+-------------------+-----
Dodging        | 1 2 |  2.5
Maces & Flails | 3 4 |  4.3
Armour         | 4 |  4.9
Fighting       | 4 |  4.1
Shields        | |  3.0

Action                   |  1- 3 |  4- 6 |  7- 9 || total
-------------------------+-------+-------+-------++-------
Melee: Flail             |    85 |    61 |       ||   146
       Dire flail        |       |    80 |    17 ||    97
Throw: Stone             |       |     4 |       ||     4
       Dart              |       |     3 |       ||     3
  Use: Scroll            |       |     6 |       ||     6
       Potion            |       |     1 |       ||     1
Armor: Scale mail        |    31 |    76 |     2 ||   109
Dodge: Dodged            |    27 |    94 |     5 ||   126
Block: Buckler           |    22 |    12 |       ||    34
